 Dungeon Crawl Stone Soup version 0.29.1-14-g9c671dbff4 (webtiles) character file.

Game seed: 1513869167014589126

52192 growler the Brawler (level 14, -12/151 HPs)
             Began as a White Draconian Transmuter on Feb 20, 2023.
             Was a High Priest of Wu Jian.
             Mangled by a bone dragon (13 damage)
             ... on level 1 of the Abyss on Feb 21, 2023.
             The game lasted 01:13:31 (18899 turns).

growler the Brawler (White Draconian Transmuter)   Turns: 18899, Time: 01:13:32

Health: -12/151    AC: 12    Str: 13    XL:     14   Next: 26%
Magic:  21/21      EV: 13    Int: 18    God:    Wu Jian [*****.]
Gold:   879        SH:  0    Dex: 12    Spells: 8/23 levels left

rFire   x . .      SeeInvis .     - Unarmed
rCold   + + +      Faith    .   (shield currently unavailable)
rNeg    . . .      Spirit   .   (body armour unavailable)
rPois   +          Reflect  .   (helmet currently unavailable)
rElec   .          Harm     .   (cloak currently unavailable)
rCorr   .          Rampage  .   (gloves currently unavailable)
Will    +....                   (boots currently unavailable)
Stlth   +++.......              J - amulet of regeneration
HPRegen 1.15/turn               U - +4 ring of protection
MPRegen 0.17/turn               y - ring of poison resistance

@: exhausted, ice-form
A: freezing attack, amphibious, boosted hp, (breathe frost), AC +8, large,
unfitting armour, (cold resistance 1), (cold-blooded)
a: End Transformation, Renounce Religion, Wall Jump, Serpent's Lash, Heavenly
Storm


You were on level 1 of the Abyss.
You worshipped Wu Jian.
Wu Jian was extremely pleased with you.
You were a creature of crystalline ice.
You visited 2 branches of the dungeon, and saw 16 of its levels.
You visited the Abyss 1 time.

You collected 879 gold pieces.

Inventory:

Missiles
 m - a throwing net
 o - 3 javelins
Armour
 N - a +2 hat (melded)
 O - a +0 cloak (melded)
Jewellery
 i - an amulet of magic regeneration
 t - a +6 ring of intelligence
 y - a ring of poison resistance (right front paw)
 E - an amulet of faith
 J - an amulet of regeneration (around neck)
 K - a ring of see invisible
 R - a ring of positive energy
 S - an amulet of reflection
 U - a +4 ring of protection (left front paw)
 V - a +6 ring of dexterity
Wands
 p - a wand of roots (14)
 r - a wand of flame (17)
 A - a wand of polymorph (9)
 D - a wand of charming (16)
 P - a wand of quicksilver (5)
 Q - a wand of mindburst (10)
Scrolls
 b - 3 scrolls of poison
 d - a scroll of acquirement {unknown}
 e - a scroll of immolation
 l - a scroll of blinking
 n - 5 scrolls of teleportation
 q - 4 scrolls of enchant armour
 u - 2 scrolls of enchant weapon
 x - 2 scrolls of vulnerability {unknown}
 z - a scroll of noise
 B - 3 scrolls of torment
 C - 2 scrolls of butterflies
 F - a scroll of summoning
 H - a scroll of magic mapping {unknown}
 L - a scroll of amnesia
 X - a scroll of identify
Potions
 a - 4 potions of lignification
 c - 11 potions of curing
 f - 3 potions of brilliance
 g - 2 potions of invisibility
 h - 4 potions of flight
 j - a potion of heal wounds
 k - a potion of haste
 s - a potion of ambrosia
 v - 2 potions of mutation {unknown}
 w - 4 potions of attraction {unknown}
 G - 3 potions of might {unknown}
 I - 3 potions of cancellation {unknown}
 M - a potion of magic
 T - a potion of degeneration
 W - a potion of resistance


   Skills:
 - Level 12.0 Fighting
 - Level 9.0 Dodging
 - Level 6.0 Stealth
 + Level 16.6 Unarmed Combat
 - Level 5.0 Spellcasting
 - Level 7.0 Translocations
 - Level 6.0 Transmutations
 - Level 6.0 Ice Magic


You had 8 spell levels left.
You knew the following spells:

 Your Spells              Type           Power      Damage    Failure   Level
a - Beastly Appendage     Tmut           52%        N/A       1%          1
b - Wereblood             Tmut           26%        N/A       1%          2
c - Spider Form           Tmut/Pois      15%        N/A       12%         3
d - Ice Form              Ice/Tmut       26%        N/A       11%         4
e - Manifold Assault      Tloc           29%        N/A       21%         5

Your spell library contained the following spells:

 Spells                   Type           Power      Damage    Failure   Level
 Blink                    Tloc           58%        N/A       1%          2
 Ozocubu's Armour         Ice            26%        N/A       3%          3
 Ensorcelled Hibernation  Hex/Ice        30%        N/A       6%          2
 Magic Dart               Conj           16%        1d3       13%         1
 Necrotise                Necr           16%        1d4       13%         1
 Call Imp                 Summ           4%         N/A       21%         2
 Poisonous Vapours        Pois/Air       8%         N/A       21%         2
 Confusing Touch          Hex            4%         N/A       36%         3
 Mephitic Cloud           Conj/Pois/Air  4%         N/A       36%         3
 Summon Guardian Golem    Hex/Summ       4%         N/A       36%         3
 Vampiric Draining        Necr           4%         2d6       36%         3
 Yara's Violent Unravell  Hex/Tmut       7%         3d5       71%         5
 Anguish                  Hex/Necr       2%         N/A       78%         4
 Corpse Rot               Necr/Pois/Air  4%         N/A       78%         4
 Leda's Liquefaction      Hex/Erth       2%         N/A       78%         4
 Summon Lightning Spire   Summ/Air       4%         N/A       78%         4
 Agony                    Necr           4%         N/A       98%         5
 Iskenderun's Battlesphe  Conj           4%         2d6       98%         5
 Iron Shot                Conj/Erth      2%         9d2       100%        6
 Enfeeble                 Hex            2%         N/A       100%        7
 Orb of Destruction       Conj           2%         9d5       100%        7
 Ozocubu's Refrigeration  Ice            13%        4d10      100%        7
 Spellforged Servitor     Conj/Summ      2%         N/A       100%        7
 Storm Form               Tmut/Air       7%         N/A       100%        7
 Borgnjor's Revivificati  Necr           2%         N/A       100%        8
 Maxwell's Capacitive Co  Air            2%         ∞         100%        8
 Necromutation            Tmut/Necr      7%         N/A       100%        8
 Death's Door             Necr           2%         N/A       100%        9


Dungeon Overview and Level Annotations

Branches:
Dungeon (11/15)            Temple (0/1) D:7            Lair (5/5) D:9
  Snake (0/4) Lair:3        Slime (0/5) Lair:4
  Swamp: Lair:2-3    Shoals: Lair:2-3       Orc: D:9-12

Altars:
Dithmenos
Elyvilon
Fedhas
Gozag
Makhleb
Okawaru
Qazlal
Ru
Uskayaw
Vehumet
Wu Jian
Zin
Jiyva

Shops:
D:4 *

Annotations:
D:9 2 transporters, retardedninja's ghost, novice MiFi
Lair:1 1 runed translucent door, Fiagud's ghost, novice VSBr


Innate Abilities, Weirdness & Mutations

You are a creature of crystalline ice.
You have a powerful freezing melee attack.
You are amphibious.
Your maximum health is increased.
Your armour is entirely melded.
You are incapable of wielding weapons or throwing items.
((You can breathe waves of freezing cold which knock back foes.))
((Your icy white scales are hard. (AC +8)))
You cannot fit into any form of body armour.
((Your flesh is cold resistant. (rC+)))
((You are cold-blooded and may be slowed by cold attacks.))


Message History

The bone dragon is severely damaged.
The bone dragon bites you!
* * * LOW HITPOINT WARNING * * *
The bone dragon claws you!
* * * LOW HITPOINT WARNING * * *
The bone dragon closely misses you.
You pummel the bone dragon!! You freeze the bone dragon.
The bone dragon is severely damaged.
The bone dragon bites you!
* * * LOW HITPOINT WARNING * * *
The bone dragon claws you.
* * * LOW HITPOINT WARNING * * *
The bone dragon barely misses you.
You hit the bone dragon but do no damage.
The bone dragon is severely damaged.
You feel much better. The bone dragon barely misses you.
The bone dragon closely misses you. The bone dragon tramples you!
* * * LOW HITPOINT WARNING * * *
You hold your ground!
You punch the bone dragon! You freeze the bone dragon.
The bone dragon is severely damaged.
The bone dragon bites you.
* * * LOW HITPOINT WARNING * * *
The bone dragon claws you but does no damage.
The bone dragon tramples you but does no damage.
Unknown command.
You hit the bone dragon.
The bone dragon is severely damaged.
The bone dragon bites you!
* * * LOW HITPOINT WARNING * * *
The bone dragon claws you but does no damage.
The bone dragon tramples you!
* * * LOW HITPOINT WARNING * * *
You stumble backwards!
You hit the bone dragon but do no damage.
The bone dragon is severely damaged.
The bone dragon bites you!
* * * LOW HITPOINT WARNING * * *
The bone dragon claws you!
You die...

## #. .#. ### ##.#
.#. #...... .
######.#..#.## ..#
#.#....##....#...#
#........#...... #
#.Y.#.# ........
#..D.##.##. ...
###....#. #
#..#....#
#.#.#...#
##.....#.#
#.##.....#
####...#.#
#....#..


You could see a bone dragon.

Vanquished Creatures
  3 tentacled starspawn (Abyss:1)
  Gastronok (D:8)
  A great orb of eyes (Abyss:1)
  2 boulder beetles
  3 hydras
  3 two-headed ogres (D:10)
  Erica (D:10)
  2 thrashing horrors
  7 death yaks
  Nergalle (Lair:3)
  A fire crab (shapeshifter) (Lair:5)
  A glowing orange brain (D:10)
  2 lindwurms (Lair:5)
  A deep elf pyromancer (D:11)
  2 ugly things (Lair:5)
  A rust devil (Abyss:1)
  A cyclops (D:10)
  8 black mambas
  5 elephants (Lair:5)
  A gargoyle (D:10)
  A smoke demon (Lair:5)
  Maggie (D:10)
  An unseen horror (D:11)
  A cane toad (shapeshifter) (D:9)
  A torpor snail (Lair:3)
  Psyche (D:9)
  10 cane toads
  A kobold demonologist (D:10)
  5 komodo dragons
  2 freezing wraiths
  An ancient zyme (Lair:5)
  A queen bee (shapeshifter) (D:10)
  A hornet (D:8)
  5 large abominations (Abyss:1)
  3 polar bears (Lair:5)
  A troll (D:10)
  16 blink frogs
  3 dream sheep (Lair:3)
  29 yaks
  2 ynoxinuls (Lair:5)
  3 shadows
  A spriggan (Lair:3)
  2 vampires
  3 wyverns
  Grum (Lair:1)
  2 steam dragons
  5 basilisks
  5 vampire mosquitoes
  20 water moccasins
  3 ice beasts
  A sky beast (D:8)
  7 orc warriors
  4 ogres
  5 centaurs
  9 small abominations
  8 wolves (Lair:1)
  A phantom (D:4)
  4 kobold brigands
  Blork the orc (D:4)
  5 bullfrogs
  A scorpion (D:5)
  2 gnoll sergeants
  11 wights
  6 electric eels
  5 howler monkeys
  2 quasits (Abyss:1)
  2 hounds
  Crazy Yiuf (D:5)
  7 orc priests
  A gnoll bouda (D:6)
  3 iguanas
  14 orc wizards
  3 hell rats (D:9)
  10 adders
  12 gnolls
  2 river rats (D:9)
  4 white imps
  3 ufetubi (Abyss:1)
  A worm (D:2)
  3 dart slugs
  45 orcs
  6 ball pythons
  7 endoplasms
  A giant cockroach (D:1)
  6 goblins
  5 hobgoblins
  4 jackals (D:1)
  4 quokkas
  7 bats
  4 frilled lizards
  22 kobolds
  6 rats
  A lurking horror (Abyss:1)
  A starspawn tentacle (Abyss:1)
435 creatures vanquished.

Vanquished Creatures (others)
  27 fungi
  19 plants
  7 starspawn tentacles (Abyss:1)
53 creatures vanquished.

Grand Total: 488 creatures vanquished

Notes
Turn   | Place    | Note
-------+----------+-------------------------------------------
     0 | D:1      | growler the Draconian Transmuter began the quest for the
                  | Orb.
     0 | D:1      | Reached XP level 1. HP: 16/16 MP: 3/3
   150 | D:1      | Reached XP level 2. HP: 13/23 MP: 5/5
   437 | D:1      | Found a faded altar of an unknown god.
   754 | D:1      | Reached XP level 3. HP: 27/28 MP: 6/6
   811 | D:1      | Learned a level 2 spell: Wereblood
   815 | D:1      | Learned a level 3 spell: Spider Form
   981 | D:2      | Found Oxzoh's Jewellery Shoppe.
  1125 | D:2      | Found an iron altar of Okawaru.
  1378 | D:2      | Reached XP level 4. HP: 35/35 MP: 8/8
  1987 | D:3      | Found an opulent altar of Gozag.
  1987 | D:3      | Found a hide-covered altar of Uskayaw.
  2131 | D:3      | Reached skill level 4 in Unarmed Combat
  2259 | D:3      | Found a stormy altar of Qazlal.
  2271 | D:3      | Found an ornate altar of the Wu Jian Council.
  2273 | D:3      | Identified the +2 ring mail "Daph" {rF+ Dex+3}
  2300 | D:3      | Became a worshipper of the Wu Jian Council
  2771 | D:4      | Reached XP level 5. HP: 38/40 MP: 7/9
  2971 | D:4      | Found Budifou's Neck Hole.
  2974 | D:4      | Noticed Blork the orc
  2980 | D:4      | Killed Blork the orc
  3298 | D:4      | Found a shadowy altar of Dithmenos.
  3298 | D:4      | Noticed a phantom
  3339 | D:4      | Killed a phantom
  3340 | D:4      | Reached skill level 5 in Unarmed Combat
  3340 | D:4      | Reached XP level 6. HP: 27/47 MP: 4/10
  3595 | D:5      | Entered Level 5 of the Dungeon
  3621 | D:5      | Found a runed translucent door.
  3622 | D:5      | Noticed Crazy Yiuf
  3658 | D:5      | Noticed an ice beast
  3668 | D:5      | Killed an ice beast
  3669 | D:5      | Reached skill level 6 in Unarmed Combat
  3796 | D:5      | Noticed an ice beast
  3806 | D:5      | Killed an ice beast
  3807 | D:5      | Your scales start taking on an icy white colour.
  3807 | D:5      | Reached XP level 7. HP: 28/52 MP: 11/11
  3807 | D:5      | Gained mutation: Your flesh is cold resistant. (rC+) [White
                  | Draconian growth]
  4081 | D:5      | Learned a level 4 spell: Ice Form
  4086 | D:5      | Reached skill level 7 in Unarmed Combat
  5596 | D:6      | Reached * piety under Wu Jian
  5667 | D:6      | Reached XP level 8. HP: 63/66 MP: 12/12
  6036 | D:6      | Reached skill level 8 in Unarmed Combat
  6451 | D:6      | Reached skill level 5 in Fighting
  7093 | D:6      | Reached skill level 1 in Ice Magic
  7387 | D:7      | Found a staircase to the Ecumenical Temple.
  7772 | D:7      | Found a glowing silver altar of Zin.
  8392 | D:7      | Reached skill level 9 in Unarmed Combat
  8392 | D:7      | Reached skill level 5 in Transmutations
  8392 | D:7      | Reached XP level 9. HP: 22/77 MP: 11/13
  8778 | D:7      | Reached ** piety under Wu Jian
  9813 | D:8      | Reached skill level 5 in Ice Magic
  9955 | D:8      | Noticed Gastronok
  9988 | D:8      | Killed Gastronok
  9989 | D:8      | Reached skill level 10 in Unarmed Combat
  9989 | D:8      | Reached XP level 10. HP: 70/88 MP: 11/14
 10202 | D:5      | Killed Crazy Yiuf
 10468 | D:9      | Found a sacrificial altar of Ru.
 10501 | D:9      | Found a transporter.
 10509 | D:9      | Noticed retardedninja's ghost (novice MiFi)
 10516 | D:9      | Found a radiant altar of Vehumet.
 10660 | D:9      | Noticed Psyche
 10662 | D:9      | Reached skill level 1 in Stealth
 10689 | D:9      | Killed Psyche
 10702 | D:9      | Reached *** piety under Wu Jian
 10816 | D:9      | Noticed a death yak
 10816 | D:9      | Noticed a death yak
 10830 | D:9      | Killed a death yak
 10921 | D:9      | Found a blossoming altar of Fedhas.
 10972 | D:9      | Found a staircase to the Lair.
 10986 | D:9      | Noticed a death yak
 10995 | D:9      | Killed a death yak
 11000 | D:9      | Killed a death yak
 11001 | D:9      | Reached skill level 11 in Unarmed Combat
 11154 | D:9      | Reached XP level 11. HP: 99/99 MP: 8/15
 11300 | D:9      | Found a burning altar of Makhleb.
 11398 | D:9      | Found a transporter.
 11498 | D:10     | Entered Level 10 of the Dungeon
 11592 | D:9      | Learned a level 5 spell: Manifold Assault
 11608 | D:10     | Noticed a two-headed ogre
 11701 | D:10     | Noticed a two-headed ogre
 11716 | D:10     | Killed a two-headed ogre
 11717 | D:10     | Reached skill level 10 in Fighting
 11717 | D:10     | Reached skill level 1 in Translocations
 11891 | D:10     | Reached skill level 5 in Dodging
 11891 | D:10     | Noticed a boulder beetle
 11959 | D:10     | Killed a boulder beetle
 11960 | D:10     | Reached skill level 5 in Stealth
 11961 | D:10     | Noticed Erica
 12003 | D:10     | Killed a two-headed ogre
 12200 | D:10     | Noticed Maggie
 12201 | D:10     | Noticed a two-headed ogre
 12312 | D:10     | Killed Maggie
 12312 | D:10     | Killed a two-headed ogre
 12377 | D:10     | Noticed a glowing orange brain
 12380 | D:10     | Found a white marble altar of Elyvilon.
 12390 | D:10     | Killed a glowing orange brain
 12731 | D:10     | Reached **** piety under Wu Jian
 12747 | D:10     | Killed Erica
 12747 | D:10     | Reached XP level 12. HP: 59/108 MP: 11/16
 12862 | D:10     | Got the Opusculum on Hexes
 13248 | D:11     | Reached skill level 12 in Unarmed Combat
 13875 | D:11     | Found an ornate altar of the Wu Jian Council.
 14002 | Lair:1   | Entered Level 1 of the Lair of Beasts
 14115 | Lair:1   | Noticed Grum
 14129 | Lair:1   | Killed Grum
 14283 | Lair:1   | Found a runed translucent door.
 14285 | Lair:1   | Identified the +6 spear of the Bear {speed, Str+6}
 14287 | Lair:1   | Noticed Fiagud's ghost (novice VSBr)
 14513 | Lair:1   | Reached skill level 5 in Translocations
 14918 | Lair:2   | Noticed a boulder beetle
 14931 | Lair:2   | Killed a boulder beetle
 15019 | Lair:2   | You fall into a shaft and drop 1 floor!
 15022 | Lair:3   | Noticed Nergalle
 15041 | Lair:3   | Killed Nergalle
 15262 | Lair:3   | Reached ***** piety under Wu Jian
 15299 | Lair:3   | Found a staircase to the Snake Pit.
 15441 | Lair:3   | Noticed a death yak
 15442 | Lair:3   | Noticed a death yak
 15442 | Lair:3   | Noticed a death yak
 15442 | Lair:3   | Noticed a death yak
 15448 | Lair:3   | Killed a death yak
 15451 | Lair:3   | Reached skill level 13 in Unarmed Combat
 15452 | Lair:3   | Killed a death yak
 15453 | Lair:3   | Reached XP level 13. HP: 78/118 MP: 14/17
 16011 | Lair:3   | Identified the -1 pair of gloves "Susar" {rElec Str+7
                  | Slay-6}
 16357 | Lair:4   | Found a viscous altar of Jiyva.
 16383 | Lair:4   | Found a staircase to the Slime Pits.
 17096 | Lair:5   | Entered Level 5 of the Lair of Beasts
 17384 | Lair:5   | Reached skill level 5 in Spellcasting
 17563 | Lair:5   | Reached skill level 14 in Unarmed Combat
 18053 | Lair:5   | Reached skill level 15 in Unarmed Combat
 18308 | Lair:5   | Reached XP level 14. HP: 126/126 MP: 21/21
 18360 | Abyss:1  | Cast into level 1 of the Abyss (spriggan)
 18703 | Abyss:1  | Noticed a tentacled starspawn
 18712 | Abyss:1  | Killed a tentacled starspawn
 18713 | Abyss:1  | Reached skill level 16 in Unarmed Combat
 18769 | Abyss:1  | Noticed a tentacled starspawn
 18777 | Abyss:1  | Killed a tentacled starspawn
 18801 | Abyss:1  | Noticed a starcursed mass
 18849 | Abyss:1  | Noticed a tentacled starspawn
 18869 | Abyss:1  | Killed a tentacled starspawn
 18880 | Abyss:1  | Noticed a bone dragon
 18899 | Abyss:1  | HP: 1/151 [bone dragon (17)]
 18899 | Abyss:1  | Mangled by a bone dragon

Illustrated notes

Levels and vault maps discovered:
D:1:      scummos_arrival_star, layout_basic,
          dreamdust_ecumenical_altar_angels_and_demons
D:2:      layout_rooms, serial_shops, nicolae_shop_statue_plus, basic_altar
D:3:      minmay_inner_zag, layout_loops_ring, lemuel_crystal_altar,
          nicolae_overflow_crystal_walls, gammafunk_temple_overflow_elements
D:4:      layout_loops_cross, mainiacjoe_overflow_small_starburst,
          kennysheep_doodads, nicolae_shop_sticking_my_neck_out,
          uniq_blork_the_orc
D:5:      layout_loops_ring, minmay_misc_feat_four_crosses,
          amcnicky_mini_pool_small, grunt_decor_mini_mirrors,
          uniq_crazy_yiuf_cottage
D:6:      layout_basic, grunt_ministairs_4, nicolae_grassy_gnolls
D:7:      layout_loops_ring, mainiacjoe_overflow_surrounded_room, temple_doors_e
D:8:      layout_basic, minmay_orc_keep, uniq_gastronok
D:9:      layout_long_grid, vehumet_altar_wand_db, mainiacjoe_overflow_alcove_4,
          mainiacjoe_overflow_six_doors_small, fedhas_bush_and_centaur_altar,
          dpeg_lair_monsters, gammafunk_ghost_hive, uniq_psyche
D:10:     minmay_the_grid_net [minmay_the_grid_outer_diamond,
          minmay_the_grid_diamond_grid, minmay_the_grid_all_tris,
          minmay_the_grid_slots, minmay_the_grid_medium_cups,
          minmay_the_grid_prize_diamond_cup], layout_rooms, elyvilon_altar_1,
          uniq_maggie, uniq_erica
D:11:     layout_roguey, nicolae_wu_jian_immortal_techniques
Lair:1:   layout_hall_layers, ebering_ghost_funeral_grove, st_stairs_3,
          uniq_grum
Lair:2:   layout_hall_layers, shoals_dummy_entry, minivault_19
Lair:3:   layout_gridlike, minmay_snake_entry_six_corridors,
          grunt_forest_large_clearing_hut, uniq_nergalle
Lair:4:   layout_big_grid, dpeg_slime_entry_corner
Lair:5:   hellmonk_lair_end_abyssal_woods, layout_long_grid, st_stairs_5,
          serial_bayou_shore_a, grunt_megastairs_4
Abyss:1:  base: D:3, minivault_4, hangedman_classic_abyss_death,
          evilmike_abyss_exit_vortex

Skill      XL: |  1  2  3  4  5  6  7  8  9 10 11 12 13 14 |
---------------+-------------------------------------------+-----
Transmutations | 3 4 5 6 |  6.0
Unarmed Combat | 4 5 6 7 9 10 11 13 15 16 | 16.6
Spellcasting   | 3 5 |  5.0
Fighting       | 4 6 8 9 10 12 | 12.0
Ice Magic      | 3 6 |  6.0
Dodging        | 4 5 7 9 |  9.0
Stealth        | 4 6 |  6.0
Translocations | 4 6 7 |  7.0

Action                   |  1- 3 |  4- 6 |  7- 9 | 10-12 | 13-15 || total
-------------------------+-------+-------+-------+-------+-------++-------
Melee: Unarmed           |   107 |   151 |   328 |   568 |   469 ||  1623
       Tailslap          |    13 |     9 |    21 |     9 |    10 ||    62
       Punch             |     5 |     3 |    11 |     6 |     7 ||    32
       Kick              |     3 |    11 |     9 |       |       ||    23
       Headbutt          |     4 |     4 |     3 |       |       ||    11
 Cast: Beastly Appendage |     5 |     5 |     4 |       |       ||    14
       Spider Form       |       |     3 |    23 |     4 |     3 ||    33
       Ice Form          |       |       |     1 |    35 |    22 ||    58
       Manifold Assault  |       |       |       |       |     4 ||     4
Invok: Lunge             |       |     5 |    29 |    45 |    27 ||   106
       Whirlwind         |       |       |     9 |   105 |   153 ||   267
       Serpent's Lash    |       |       |       |     5 |     3 ||     8
 Abil: Breathe Frost     |       |       |    14 |     4 |     1 ||    19
Evoke: Wand              |       |       |       |       |    11 ||    11
  Use: Scroll            |       |     5 |     1 |    14 |     2 ||    22
       Potion            |       |       |       |     1 |     1 ||     2
 Stab: Distracted        |     1 |       |     1 |       |     3 ||     5
       Sleeping          |       |       |     1 |     2 |     2 ||     5
       Confused          |       |       |       |     3 |       ||     3
Armor: Skin              |    49 |    46 |    41 |   148 |   122 ||   406
Dodge: Dodged            |    56 |    79 |   176 |   246 |   235 ||   792
